 Dungeon Crawl Stone Soup version 0.32-a0-22-g6ae6769602 (webtiles) character file.

Game seed: 8901638318123981373

4482 Hopman the Fighter (level 10, -3/93 HPs)
             Began as a Minotaur Fighter on Jan 18, 2024.
             Was a Priest of Okawaru.
             Slain by a cyan ugly thing (12 damage)
             ... on level 9 of the Dungeon.
             The game lasted 00:25:32 (7331 turns).

Hopman the Fighter (Minotaur Fighter)               Turns: 7331, Time: 00:25:32

Health: -3/93      AC: 25    Str: 26    XL:     10   Next: 16%
Magic:  12/12      EV: 23    Int:  5    God:    Okawaru [***...]
Gold:   431        SH:  5    Dex:  9    Spells: 9/9 levels left

rFire   + . .        b - +2 mace (protect)
rCold   x . .        c - +0 buckler
rNeg    . . .        m - +6 chain mail {ponderous}
rPois   .            (helmet restricted)
rElec   .            (no cloak)
rCorr   .            (no gloves)
SInv    .            u - +0 pair of boots
Will    .....        e - amulet of the acrobat Stlth
                     h - ring of fire
HPRegen 0.35/turn    q - +4 ring of slaying
MPRegen 0.13/turn

%: acrobat
@: under a protective aura, acrobatic, slow
A: horns 2, retaliatory headbutt
a: Renounce Religion, Heroism


You were on level 9 of the Dungeon.
You worshipped Okawaru.
Okawaru was most pleased with you.
You visited 2 branches of the dungeon, and saw 10 of its levels.

You collected 431 gold pieces.

Inventory:

Hand Weapons
 a - a +0 flail
 b - a +2 mace of protection (weapon)
 o - a +0 halberd
Missiles
 r - a throwing net (quivered)
Armour
 c - a +0 buckler (worn)
 i - a +0 scale mail
 m - a +6 chain mail of ponderousness (worn)
 u - a +0 pair of boots (worn)
Jewellery
 e - an amulet of the acrobat (around neck)
 h - a ring of fire (left hand)
 q - a +4 ring of slaying (right hand)
Wands
 d - a wand of paralysis (6)
 t - a wand of flame (13)
Scrolls
 f - 3 scrolls of identify
Potions
 j - a potion of invisibility
 k - a potion of haste
 l - a potion of cancellation
 n - 2 potions of ambrosia
 s - a potion of mutation
 w - a potion of might


   Skills:
 * Level 9.9 Fighting
 * Level 9.5 Maces & Flails
 + Level 8.7 Armour
 + Level 8.7 Shields
 + Level 4.0 Invocations


You had 9 spell levels left.
You didn't know any spells.
Your spell library contained the following spells:

 Spells                   Type           Power      Damage    Failure   Level
 Magic Dart               Conj           0%         1d3       94%         1
 Sandblast                Erth           0%         2d4       94%         1
 Sting                    Conj/Alch      0%         1d3       94%         1
 Blink                    Tloc           0%         N/A       98%         2
 Ensorcelled Hibernation  Hex/Ice        0%         N/A       98%         2
 Mercury Vapours          Alch/Air       0%         N/A       98%         2
 Sublimation of Blood     Necr           0%         N/A       98%         2
 Passwall                 Erth           0%         N/A       100%        3
 Sigil of Binding         Hex            0%         N/A       100%        3
 Stone Arrow              Conj/Erth      0%         3d7       100%        3
 Swiftness                Air            0%         N/A       100%        3
 Brom's Barrelling Bould  Conj/Erth      0%         2d3       100%        4
 Dimensional Bullseye     Hex/Tloc       0%         N/A       100%        4
 Olgreb's Toxic Radiance  Alch           0%         N/A       100%        4
 Call Imp                 Summ           Unusable   N/A       N/A         2
 Call Canine Familiar     Summ           Unusable   N/A       N/A         3
 Summon Hydra             Summ           Unusable   N/A       N/A         7

Dungeon Overview and Level Annotations

Branches:
Dungeon (9/15)             Temple (1/1) D:5
   Lair: D:8-11         Orc: D:9-12

Altars:
Ashenzari
Cheibriados
Dithmenos
Fedhas
Gozag
Hepliaklqana
Kikubaaqudgha
Makhleb
Nemelex Xobeh
Okawaru
Qazlal
Ru
Sif Muna
Trog
Uskayaw
Vehumet
Wu Jian
Xom
Yredelemnul
Zin

Shops:
D:4 *   D:5 :

Annotations:
D:8 2 transporters


Innate Abilities, Weirdness & Mutations

You have a pair of horns on your head.
You reflexively headbutt those who attack you in melee.


Message History

You pick up a book of Blood and begin reading...
You add the spell Sublimation of Blood to your library.
You hit the cyan ugly thing.
Your weapon exudes an aura of protection.
The cyan ugly thing is lightly wounded.
The cyan ugly thing engulfs you but does no damage.
You completely miss the cyan ugly thing.
You headbutt the cyan ugly thing!
The cyan ugly thing is moderately wounded.
The cyan ugly thing barely misses you.
You barely miss the cyan ugly thing.
The cyan ugly thing is moderately wounded.
The cyan ugly thing engulfs you. The cyan ugly thing shocks you!
You sock the cyan ugly thing!
The cyan ugly thing is heavily wounded.
The cyan ugly thing closely misses you.
You hit the cyan ugly thing.
The cyan ugly thing is heavily wounded.
The cyan ugly thing engulfs you. The cyan ugly thing shocks you!
You barely miss the cyan ugly thing.
The cyan ugly thing is heavily wounded.
You block the cyan ugly thing's attack.
You thump the cyan ugly thing! You headbutt the cyan ugly thing.
The cyan ugly thing is severely wounded.
The cyan ugly thing engulfs you but does no damage.
You hit the cyan ugly thing but do no damage.
You headbutt the cyan ugly thing.
The cyan ugly thing is severely wounded.
The cyan ugly thing engulfs you! The cyan ugly thing shocks you!
* * * LOW HITPOINT WARNING * * *
The cyan ugly thing attacks as it pursues you!
The cyan ugly thing engulfs you.
* * * LOW HITPOINT WARNING * * *
The cyan ugly thing shocks you!
* * * LOW HITPOINT WARNING * * *
The cyan ugly thing attacks as it pursues you!
The cyan ugly thing completely misses you.
The cyan ugly thing attacks as it pursues you!
The cyan ugly thing engulfs you!
You die...

#.#....#
#.....##
##....#
##..##
##..#
#..##
#...#
##..##
#@..#
#u..##
#....#
#.#..#
.........#
####..#..#
#......
#......#
...##...


You could see a cyan ugly thing.

Vanquished Creatures
  A fire dragon (D:8)
  Grinder (D:3)
  A hornet (D:7)
  Grum (D:8)
  Menkaure (D:5)
  An acid dragon (D:8)
  4 water moccasins
  A sky beast (D:8)
  3 black bears
  An ice beast (D:6)
  2 wolves (D:8)
  2 ogres
  2 phantoms (D:6)
  A centaur (D:9)
  A kobold brigand (D:8)
  2 bullfrogs
  A gnoll sergeant (D:8)
  2 necrophages (D:4)
  3 scorpions
  A water moccasin zombie (D:4)
  3 howler monkeys
  A bullfrog zombie (D:4)
  A human zombie (D:4)
  2 jellies
  A gnoll bouda (D:4)
  2 hounds
  3 orc priests (D:7)
  A sleepcap (D:6)
  A scorpion zombie (D:4)
  3 iguanas
  4 orc wizards
  2 hound zombies (D:4)
  A hound skeleton (D:4)
  9 gnolls
  6 adders
  2 ufetubi (D:5)
  3 adder skeletons (D:4)
  2 dart slugs (D:2)
  A ribbon worm (D:3)
  37 orcs
  10 endoplasms
  2 giant cockroaches
  5 hobgoblins
  7 jackals (D:4)
  7 quokkas
  11 ball pythons
  4 bats
  5 frilled lizards
  8 goblins
  12 kobolds
  4 rats
192 creatures vanquished.

Notes
Turn   | Place    | Note
-------+----------+-------------------------------------------
     0 | D:1      | Hopman the Minotaur Fighter began the quest for the Orb.
     0 | D:1      | Reached XP level 1. HP: 19/19 MP: 0/0
   256 | D:1      | Reached XP level 2. HP: 27/27 MP: 1/1
  1036 | D:1      | Reached XP level 3. HP: 25/33 MP: 2/2
  1538 | D:2      | Found a faded altar of an unknown god.
  1734 | D:3      | Noticed a black bear
  1737 | D:3      | Killed a black bear
  1738 | D:3      | Reached XP level 4. HP: 38/41 MP: 3/3
  1738 | D:3      | Reached XP level 5. HP: 43/47 MP: 4/4
  1921 | D:3      | Noticed Grinder
  1927 | D:3      | Reached skill level 5 in Armour
  1947 | D:3      | Killed Grinder
  1948 | D:3      | Reached skill level 5 in Fighting
  1948 | D:3      | Reached skill level 5 in Shields
  1948 | D:3      | Reached XP level 6. HP: 41/56 MP: 5/5
  2696 | D:4      | Reached XP level 7. HP: 48/62 MP: 6/6
  2808 | D:4      | Reached skill level 5 in Maces & Flails
  3248 | D:4      | Found Seidgh's Serpentskin Sales.
  3354 | D:4      | Found an ancient bone altar of Kikubaaqudgha.
  3360 | D:4      | Reached XP level 8. HP: 64/71 MP: 7/7
  3645 | D:5      | Entered Level 5 of the Dungeon
  3765 | D:5      | Found a staircase to the Ecumenical Temple.
  3774 | Temple   | Found a transporter.
  3774 | Temple   | Found a transporter.
  3774 | Temple   | Found a transporter.
  3774 | Temple   | Found a transporter.
  3774 | Temple   | Entered the Ecumenical Temple
  3810 | Temple   | Became a worshipper of Warmaster Okawaru
  3874 | D:5      | Noticed Menkaure
  3887 | D:5      | Killed Menkaure
  3907 | D:5      | Found Goexour's Self-Improvement Boutique.
  4063 | D:5      | Reached skill level 1 in Invocations
  4506 | D:6      | Found Hiubiew's Antique Weapon Boutique.
  4578 | D:6      | Reached * piety under Okawaru
  4968 | D:6      | Reached XP level 9. HP: 81/81 MP: 9/9
  5212 | D:6      | Found a shadowy altar of Dithmenos.
  5901 | D:8      | Noticed Grum
  5905 | D:8      | Reached ** piety under Okawaru
  5910 | D:8      | Killed Grum
  6204 | D:8      | Found a transporter.
  6207 | D:8      | Noticed a kobold demonologist
  6224 | D:8      | Found a transporter.
  6231 | D:8      | Noticed a kobold demonologist
  6275 | D:8      | Found a burning altar of Makhleb.
  6275 | D:8      | Found a hazy altar of Hepliaklqana.
  6838 | D:8      | Found a broken altar of Ashenzari.
  7045 | D:9      | Noticed a fire dragon
  7074 | D:8      | Killed a fire dragon
  7074 | D:8      | Reached *** piety under Okawaru
  7075 | D:8      | Reached XP level 10. HP: 28/93 MP: 11/11
  7317 | D:9      | Noticed a cyan ugly thing
  7331 | D:9      | Slain by a cyan ugly thing

Illustrated notes

Levels and vault maps discovered:
D:1:      dpeg_arrival_connections, layout_basic, minmay_surrounded
D:2:      layout_basic, nicolae_ecumenical_snake_handling
D:3:      layout_basic, nicolae_hexahallways, uniq_grinder
D:4:      layout_loops_corners, lemuel_mausoleum_altar_kikubaaqudgha,
          guppyfry_shop_venom
D:5:      layout_rooms, minmay_temple_entry_mini_moons, nicolae_shop_self_help,
          uniq_menkaure
D:6:      layout_basic, grunt_dithmenos_shadows, serial_shops,
          nicolae_shop_waterfront
D:7:      layout_loops_ring
D:8:      gammafunk_wand_slinger, layout_basic, nicolae_ashenzari_skybound,
          mainiacjoe_overflow_divided_tiny, st_stairs_12, uniq_grum
D:9:      minmay_diamond_stairs, layout_loops_ring, kennysheep_little_box,
          ebering_ghost_xom, st_stairs_4
Temple:   hellmonk_temple_divided_pantheon

Skill      XL: |  1  2  3  4  5  6  7  8  9 10 |
---------------+-------------------------------+-----
Shields        | 4 5 6 7 8 |  8.7
Armour         | 4 5 6 7 8 |  8.7
Fighting       | 4 5 6 8 9 |  9.9
Maces & Flails | 3 4 5 7 9 |  9.5
Invocations    | 2 3 4 |  4.0

Action                     |  1- 3 |  4- 6 |  7- 9 | 10-12 || total
---------------------------+-------+-------+-------+-------++-------
  Melee: Flail             |    33 |       |    97 |       ||   130
         Headbutt          |    10 |    13 |    49 |     4 ||    76
         Mace              |    30 |    87 |   192 |    19 ||   328
 Invoke: Heroism           |       |       |     1 |       ||     1
    Use: Scroll            |     1 |       |    13 |       ||    14
         Potion            |     1 |       |     4 |       ||     5
 Armour: Scale mail        |    36 |    15 |       |       ||    51
         Chain mail        |       |    36 |   176 |    20 ||   232
  Dodge: Dodged            |    88 |    51 |   128 |    14 ||   281
  Block: Buckler           |    31 |    29 |    58 |     8 ||   126

Table legend: (Time is in decaauts)
 A = Elapsed time spent in this place.
 B = Non-inter-level travel time spent in this place.
 C = Inter-level travel time spent in this place.
 D = Time resting spent in this place.
 E = Time spent auto-exploring this place.
 F = Levels seen in this place.
 G = Mean time per level.
                   A        B        C        D        E       F      G
               +--------+--------+--------+--------+--------+-----+--------+
         Total |   7757 |   7482 |    275 |    624 |   5049 |  10 |  775.7 |
       Dungeon |   7697 |   7422 |    275 |    624 |   5049 |   9 |  855.2 |
        Temple |     60 |     60 |      0 |      0 |      0 |   1 |   60.0 |
               +--------+--------+--------+--------+--------+-----+--------+

Top non-repeatable levels by time:
     D:4: 1384 daAuts
     D:1: 1207 daAuts
     D:8: 1192 daAuts
     D:6: 1091 daAuts
     D:7: 831 daAuts
     D:3: 783 daAuts
     D:5: 593 daAuts
     D:2: 528 daAuts
     D:9: 85 daAuts
  Temple: 60 daAuts
